Detroit Red Wings vs Arizona Coyotes
Created - Sunday, August 25, 2024 at 07:31
Goals
|
| Detroit Red Wings |
0 |
1 |
1 |
0 |
1 |
2 |
| Arizona Coyotes |
2 |
0 |
0 |
0 |
2 |
3 |
|
Shots
|
| Detroit Red Wings |
11 |
5 |
7 |
1 |
3 |
24 |
| Arizona Coyotes |
20 |
9 |
8 |
4 |
3 |
41 |
|
1st period
1. Arizona Coyotes , Zach Parise 1 (Radko Gudas 1, Ryan Donato 4) at 1:23
2. Arizona Coyotes , Mason McTavish 2 (Erik Haula 1, Brandon Tanev 2) at 12:18
Penalties :
Charlie Coyle (AZC) for Roughing (Minor) at 2:57, Brayden McNabb (AZC) for Fighting (Major) at 19:46, Mika Zibanejad (DET) for Fighting (Major) at 19:46, Mika Zibanejad (DET) for instigated a fight (Minor) at 19:46, Mika Zibanejad (DET) for instigated a fight (10 Minutes Misconduct) at 19:46
2nd period
3. Detroit Red Wings , Matthew Boldy 4 (Carter Verhaeghe 6, Christian Fischer 1) at 2:07
Penalties :
Anthony Deangelo (AZC) for Cross-checking (Minor) at 8:40, Charlie Coyle (AZC) for Cross-checking (Minor) at 19:59
3rd period
4. Detroit Red Wings , Patrick Kane 5 (Steven Stamkos 6) at 3:58 (PP)
Penalties :
Ryan Donato (AZC) for Goalie Interference (Minor) at 3:50, Radko Gudas (AZC) for Tripping (Minor) at 4:42, Zach Bogosian (DET) for Cross-checking (Minor) at 8:01, Radko Gudas (AZC) for Tripping (Minor) at 18:39
Overtime #1
No Goal
Penalties :
No Penalty
Shootout
Detroit Red Wings, Mika Zibanejad - Shot Misses the Net
Arizona Coyotes, Charlie Coyle - Stopped by Calvin Pickard
Detroit Red Wings, Steven Stamkos - Stopped by Petr Mrazek
Arizona Coyotes, Mats Zuccarello - Goal!
Detroit Red Wings, Matthew Boldy - Goal!
Arizona Coyotes, Tyler Seguin - Goal!
Penalties :
No Penalty
Goalie Stats
Calvin Pickard (DET), 39 saves from 41 shots - (0.951), OTL, 4-0-1, 65:00 minutes
Petr Mrazek (AZC), 22 saves from 24 shots - (0.917), W, 3-3-1, 65:00 minutes
Players Stats for Detroit Red Wings
Player Name G A P +/- PIM S H SB GA TA FO MP PP MP PK MP
------------------------------------------------------------------------------------
Brendan Gallagher 0 0 0 0 0 2 0 0 1 0 0/0 9:31 0:07 0:00
Carter Verhaeghe 0 1 1 0 0 4 2 0 0 0 0/1 19:30 4:48 0:00
Christian Fischer 0 1 1 1 0 0 2 0 0 1 1/2 15:34 0:00 0:00
Daniel Sprong 0 0 0 0 0 1 0 0 0 0 0/0 16:08 0:31 0:10
Jackson LaCombe 0 0 0 -1 0 0 2 0 0 2 0/0 16:46 0:00 2:01
Jared McCann 0 0 0 -1 0 0 0 0 0 1 1/2 19:23 4:29 1:59
Keegan Kolesar 0 0 0 0 0 0 1 1 0 0 0/0 10:29 0:00 1:40
Kevin Shattenkirk 0 0 0 -1 0 0 1 1 0 0 0/0 16:57 4:27 1:02
Kevin Stenlund 0 0 0 0 0 0 1 0 2 0 10/15 18:09 0:39 1:55
MacKenzie Weegar 0 0 0 0 0 1 1 4 3 0 0/0 31:04 4:57 2:01
Matthew Boldy 1 0 1 0 0 2 4 0 1 0 1/2 18:00 4:48 0:00
Mika Zibanejad 0 0 0 -1 17 4 0 2 0 0 7/18 17:33 3:52 1:00
Patrick Kane 1 0 1 -1 0 5 3 0 2 0 1/2 15:23 4:29 0:00
Raphael Lavoie 0 0 0 0 0 0 0 1 0 0 0/2 7:04 0:00 0:10
Shayne Gostisbehere 0 0 0 -1 0 1 0 1 0 1 0/0 19:00 4:27 0:00
Steven Stamkos 0 1 1 -1 0 1 0 0 1 1 10/15 18:39 4:29 1:02
Zach Bogosian 0 0 0 0 2 1 3 3 0 0 0/0 17:08 0:00 0:55
Zachary Werenski 0 0 0 1 0 2 1 0 1 2 0/0 29:42 4:57 1:57
Players Stats for Arizona Coyotes
Player Name G A P +/- PIM S H SB GA TA FO MP PP MP PK MP
------------------------------------------------------------------------------------
Anthony Deangelo 0 0 0 0 2 4 1 3 0 1 0/0 16:04 0:00 2:02
Brandon Tanev 0 1 1 1 0 3 0 0 0 0 0/0 14:37 1:55 0:22
Brayden McNabb 0 0 0 2 5 0 1 0 0 2 0/0 20:35 0:49 4:11
Charlie Coyle 0 0 0 0 4 8 0 0 0 1 8/17 22:34 1:57 2:57
Erik Haula 0 1 1 1 0 1 0 1 0 0 1/2 13:18 1:55 0:00
Jakob Silfverberg 0 0 0 0 0 0 1 0 0 0 0/0 7:50 0:06 0:00
Jani Hakanpaa 0 0 0 -1 0 1 2 3 2 1 0/0 28:46 2:00 5:09
Jared Spurgeon 0 0 0 0 0 2 1 1 1 1 0/0 29:59 2:17 5:58
Mark Jankowski 0 0 0 0 0 0 1 0 0 0 0/2 7:51 0:00 0:20
Mason McTavish 1 0 1 1 0 4 4 1 2 0 8/14 19:36 1:55 4:37
Mats Zuccarello 0 0 0 0 0 4 1 2 0 1 1/2 23:23 1:57 4:35
Nick Seeler 0 0 0 -1 0 3 1 0 0 1 0/0 14:33 0:52 0:21
Ondrej Palat 0 0 0 0 0 2 2 0 1 0 0/0 7:31 0:00 0:00
Radko Gudas 0 1 1 2 4 1 4 3 0 1 0/0 20:51 1:58 2:25
Ross Colton 0 0 0 0 0 0 2 1 0 1 4/9 12:08 0:06 0:00
Ryan Donato 0 1 1 0 2 2 1 0 0 1 0/0 12:41 0:06 0:17
Tyler Seguin 0 0 0 0 0 4 1 0 2 0 6/10 23:23 1:57 4:27
Zach Parise 1 0 1 0 0 2 0 0 0 0 0/3 14:10 0:00 1:52
3 Stars
1 - Calvin Pickard (DET)
2 - Mason McTavish (AZC)
3 - Matthew Boldy (DET)
Power Play
Detroit Red Wings - 1 on 6 Attempt(s) - 16.67%
Arizona Coyotes - 0 on 2 Attempt(s) - 0.00%
Penalty Kill
Detroit Red Wings - 2 on 2 Attempt(s) - 100.00%
- Score 0 goal in Penalty Kill
Arizona Coyotes - 5 on 6 Attempt(s) - 83.33%
- Score 0 goal in Penalty Kill
Team Stat
Detroit Red Wings - Hits : 21 - Faceoff Wins : 31 - Blocked Shots : 13 - Penalty Minutes : 19
Arizona Coyotes - Hits : 23 - Faceoff Wins : 28 - Blocked Shots : 15 - Penalty Minutes : 17
Official
Referees : Chris Lee and Reid Anderson
Linesman : Justin Johnson and CJ Murray
Game Notes
Brayden McNabb and Mika Zibanejad fight to a draw at 19:46 of 1st period
Raphael Lavoie is injured at 4:23 of 2nd period (Bruised Right Arm)
Finance
Level 1 -- Attendance: 6000 (100.00%) -- Ticket Income $570,000
Level 2 -- Attendance: 5000 (100.00%) -- Ticket Income $275,000
Level 3 -- Attendance: 3000 (100.00%) -- Ticket Income $96,000
Level 4 -- Attendance: 4682 (93.64%) -- Ticket Income $103,004
Luxury Box -- Attendance: 876 (87.60%) -- Ticket Income $170,820
Game was played at the Gila River Arena.
Total Attendance: 19558 (97.79%)
Total Ticket Income: $1,214,824
Other Income: $425,188
Total Income: $1,640,012
Detroit Red Wings
5 vs 5 Forward
Center Left Wing Right Wing Time % Phy DF OF
1 Mika Zibanejad Carter Verhaeghe Matthew Boldy 35 1 2 2
2 Steven Stamkos Jared McCann Patrick Kane 30 1 1 3
3 Raphael Lavoie Daniel Sprong Christian Fischer 25 1 2 2
4 Kevin Stenlund Brendan Gallagher Keegan Kolesar 10 2 2 1
5 vs 5 Defense
Defense Defense Time % Phy DF OF
1 Zachary Werenski MacKenzie Weegar 40 1 2 2
2 Zach Bogosian Shayne Gostisbehere 30 1 2 2
3 Kevin Shattenkirk Jackson LaCombe 20 3 1 1
4 Jackson LaCombe MacKenzie Weegar 10 1 2 2
PowerPlay Forward
Center Left Wing Right Wing Time % Phy DF OF
1 Steven Stamkos Jared McCann Patrick Kane 50 0 1 4
2 Mika Zibanejad Carter Verhaeghe Matthew Boldy 50 0 1 4
PowerPlay Defense
Defense Defense Time % Phy DF OF
1 Zachary Werenski MacKenzie Weegar 50 1 2 2
2 Shayne Gostisbehere Kevin Shattenkirk 50 1 2 2
Penalty Kill 4 Players Forward
Center Wing Time % Phy DF OF
1 Mika Zibanejad Jared McCann 50 2 2 1
2 Kevin Stenlund Keegan Kolesar 50 2 2 1
Penalty Kill 4 Players Defense
Defense Defense Time % Phy DF OF
1 Jackson LaCombe MacKenzie Weegar 50 2 2 1
2 Zachary Werenski Zach Bogosian 50 2 2 1
Penalty Kill - 3 Players Forward
Forward Time % Phy DF OF
1 Mika Zibanejad 50 1 2 2
2 Steven Stamkos 50 1 2 2
Penalty Kill - 3 Players Defense
Defense Defense Time % Phy DF OF
1 Jackson LaCombe MacKenzie Weegar 50 1 2 2
2 Zachary Werenski Zach Bogosian 50 2 2 1
4 vs 4 Forward
Center Wing Time % Phy DF OF
1 Mika Zibanejad Carter Verhaeghe 60 1 2 2
2 Steven Stamkos Matthew Boldy 40 1 1 3
4 vs 4 Defense
Defense Defense Time % Phy DF OF
1 Zachary Werenski MacKenzie Weegar 60 1 2 2
2 Zach Bogosian Shayne Gostisbehere 40 1 2 2
Last Minutes Offensive
Center Left Wing Right Wing Defense Defense
Mika Zibanejad Carter Verhaeghe Matthew Boldy Zachary Werenski MacKenzie Weegar
Last Minutes Defensive
Center Left Wing Right Wing Defense Defense
Mika Zibanejad Carter Verhaeghe Matthew Boldy Zachary Werenski MacKenzie Weegar
Goaltenders
Starting : Calvin Pickard
Backup : Laurent Brossoit
Extra Forwards
Normal : Kevin Stenlund, Christian Fischer, Daniel Sprong - PP : Kevin Stenlund, Daniel Sprong - PK : Steven Stamkos
Extra Defensemen
Normal : Kevin Shattenkirk, Shayne Gostisbehere, Zachary Werenski - PP : Kevin Shattenkirk - PK : Kevin Shattenkirk, Jackson LaCombe
Penalty Shots
Mika Zibanejad, Steven Stamkos, Matthew Boldy, Carter Verhaeghe, Jared McCann
Scratches
Alexander Barabanov (Healthy), Philippe Myers (Healthy), Vitek Vanecek (Healthy)
Arizona Coyotes
5 vs 5 Forward
Center Left Wing Right Wing Time % Phy DF OF
1 Charlie Coyle Mats Zuccarello Tyler Seguin 35 1 2 2
2 Mason McTavish Erik Haula Brandon Tanev 30 1 2 2
3 Ross Colton Zach Parise Ryan Donato 25 1 2 2
4 Mark Jankowski Jakob Silfverberg Ondrej Palat 10 1 2 2
5 vs 5 Defense
Defense Defense Time % Phy DF OF
1 Jared Spurgeon Jani Hakanpaa 35 1 2 2
2 Radko Gudas Brayden McNabb 30 1 2 2
3 Nick Seeler Anthony Deangelo 25 1 2 2
4 Jared Spurgeon Jani Hakanpaa 10 1 2 2
PowerPlay Forward
Center Left Wing Right Wing Time % Phy DF OF
1 Charlie Coyle Mats Zuccarello Tyler Seguin 55 0 2 3
2 Mason McTavish Erik Haula Brandon Tanev 45 1 2 2
PowerPlay Defense
Defense Defense Time % Phy DF OF
1 Jared Spurgeon Jani Hakanpaa 55 1 2 2
2 Radko Gudas Brayden McNabb 45 1 3 1
Penalty Kill 4 Players Forward
Center Wing Time % Phy DF OF
1 Charlie Coyle Mats Zuccarello 50 1 2 2
2 Tyler Seguin Mason McTavish 50 1 2 2
Penalty Kill 4 Players Defense
Defense Defense Time % Phy DF OF
1 Jared Spurgeon Jani Hakanpaa 55 1 3 1
2 Radko Gudas Brayden McNabb 45 1 3 1
Penalty Kill - 3 Players Forward
Forward Time % Phy DF OF
1 Charlie Coyle 50 1 3 1
2 Mark Jankowski 50 1 3 1
Penalty Kill - 3 Players Defense
Defense Defense Time % Phy DF OF
1 Jared Spurgeon Jani Hakanpaa 50 1 3 1
2 Anthony Deangelo Radko Gudas 50 1 3 1
4 vs 4 Forward
Center Wing Time % Phy DF OF
1 Charlie Coyle Mats Zuccarello 50 1 1 3
2 Tyler Seguin Mason McTavish 50 1 1 3
4 vs 4 Defense
Defense Defense Time % Phy DF OF
1 Jared Spurgeon Jani Hakanpaa 50 1 2 2
2 Radko Gudas Brayden McNabb 50 1 3 1
Last Minutes Offensive
Center Left Wing Right Wing Defense Defense
Charlie Coyle Mats Zuccarello Tyler Seguin Jared Spurgeon Jani Hakanpaa
Last Minutes Defensive
Center Left Wing Right Wing Defense Defense
Charlie Coyle Mats Zuccarello Tyler Seguin Jared Spurgeon Jani Hakanpaa
Goaltenders
Starting : Petr Mrazek
Backup : Carter Hart
Extra Forwards
Normal : Ross Colton, Ryan Donato, Zach Parise - PP : Ross Colton, Ryan Donato - PK : Zach Parise
Extra Defensemen
Normal : Jared Spurgeon, Anthony Deangelo, Radko Gudas - PP : Jani Hakanpaa - PK : Anthony Deangelo, Radko Gudas
Penalty Shots
Charlie Coyle, Mats Zuccarello, Tyler Seguin, Mason McTavish, Erik Haula
Scratches
Matt Dumba (Healthy), Jayden Struble (Healthy), Scott Reedy (Healthy), Corson Ceulemans (Healthy), Elvis Merzlikins (Healthy)
% Time on Ice - Detroit Red Wings
Lines # - Real PCT - Wanted PCT - Time Play
Normal Forward
1 - 28% - 35% - 13:00
2 - 23% - 30% - 10:48
3 - 30% - 25% - 14:01
4 - 19% - 10% - 8:49
Normal Defense
1 - 39% - 40% - 18:01
2 - 32% - 30% - 14:52
3 - 21% - 20% - 9:55
4 - 8% - 10% - 3:50
PP Forward
1 - 48% - 50% - 4:29
2 - 52% - 50% - 4:55
PP Defense
1 - 53% - 50% - 4:57
2 - 47% - 50% - 4:27
PK Forward
1 - 55% - 50% - 2:12
2 - 45% - 50% - 1:46
PK Defense
1 - 51% - 50% - 2:01
2 - 49% - 50% - 1:57
PK3 Forward
1 - 0% - 50%
2 - 0% - 50%
PK3 Defense
1 - 0% - 50%
2 - 0% - 50%
44 Forward
1 - 80% - 60% - 3:59
2 - 20% - 40% - 1:01
44 Defense
1 - 67% - 60% - 3:20
2 - 33% - 40% - 1:40
Last Minute Offensive - 0:00
Last Minute Defensive - 0:00
Total
Forward - 65:00
Defense - 65:00
|
% Time on Ice - Arizona Coyotes
Lines # - Real PCT - Wanted PCT - Time Play
Normal Forward
1 - 33% - 35% - 15:26
2 - 27% - 30% - 12:25
3 - 24% - 25% - 11:16
4 - 16% - 10% - 7:31
Normal Defense
1 - 36% - 35% - 17:01
2 - 30% - 30% - 14:03
3 - 28% - 25% - 12:52
4 - 6% - 10% - 2:42
PP Forward
1 - 52% - 55% - 2:03
2 - 48% - 45% - 1:55
PP Defense
1 - 50% - 55% - 2:00
2 - 50% - 45% - 1:58
PK Forward
1 - 51% - 50% - 4:49
2 - 49% - 50% - 4:35
PK Defense
1 - 52% - 55% - 4:52
2 - 48% - 45% - 4:32
PK3 Forward
1 - 49% - 50% - 0:19
2 - 51% - 50% - 0:20
PK3 Defense
1 - 44% - 50% - 0:17
2 - 56% - 50% - 0:22
44 Forward
1 - 52% - 50% - 2:16
2 - 48% - 50% - 2:05
44 Defense
1 - 44% - 50% - 1:54
2 - 56% - 50% - 2:27
Last Minute Offensive - 0:00
Last Minute Defensive - 0:00
Total
Forward - 65:00
Defense - 65:00
|
Play-by-Play
1st period
0:01 of 1st period - Mika Zibanejad wins face-off versus Charlie Coyle in neutral zone.
0:26 of 1st period - Jared Spurgeon is hit by MacKenzie Weegar and loses puck.
0:58 of 1st period - Zach Parise is hit by Christian Fischer and loses puck.
1:17 of 1st period - Snap shot by Ryan Donato.
1:17 of 1st period - Shot Blocked by Zach Bogosian.
1:19 of 1st period - Snap shot by Zach Parise.
1:19 of 1st period - Shot Blocked by Mika Zibanejad.
1:21 of 1st period - Slapshot by Radko Gudas.
1:21 of 1st period - Shot Misses the Net.
1:23 of 1st period - Snap shot by Zach Parise.
1:23 of 1st period - Goal by Zach Parise - Detroit Red Wings : 0 - Arizona Coyotes : 1.
1:24 of 1st period - Patrick Kane wins face-off versus Mats Zuccarello in neutral zone.
1:27 of 1st period - Slapshot by Jared McCann.
1:27 of 1st period - Shot Misses the Net.
1:54 of 1st period - Slapshot by Zachary Werenski.
1:54 of 1st period - Deflect By Mason McTavish.
1:54 of 1st period - Stopped by Petr Mrazek with a rebound.
1:56 of 1st period - Snap shot by Keegan Kolesar.
1:56 of 1st period - Shot Misses the Net.
1:58 of 1st period - Wrist shot by Kevin Stenlund.
1:58 of 1st period - Shot Misses the Net.
2:44 of 1st period - Wrist shot by Mark Jankowski.
2:44 of 1st period - Deflect By Jakob Silfverberg.
2:44 of 1st period - Shot Blocked by Zach Bogosian.
2:44 of 1st period - Puck is out of play.
2:45 of 1st period - Charlie Coyle wins face-off versus Matthew Boldy in Detroit Red Wings zone.
2:51 of 1st period - Off-side.
2:52 of 1st period - Mika Zibanejad wins face-off versus Charlie Coyle in neutral zone.
2:55 of 1st period - Snap shot by Carter Verhaeghe.
2:55 of 1st period - Stopped by Petr Mrazek with a rebound.
2:57 of 1st period - Minor Penalty to Charlie Coyle for Roughing.
2:58 of 1st period - Steven Stamkos wins face-off versus Zach Parise in Arizona Coyotes zone.
3:11 of 1st period - Backhand shot by Patrick Kane.
3:11 of 1st period - Stopped by Petr Mrazek with a rebound.
3:23 of 1st period - Tyler Seguin is hit by Patrick Kane and loses puck.
3:36 of 1st period - Zachary Werenski is hit by Radko Gudas and loses puck.
3:56 of 1st period - Icing by Zachary Werenski.
3:57 of 1st period - Mason McTavish wins face-off versus Mika Zibanejad in Detroit Red Wings zone.
4:00 of 1st period - Snap shot by Mats Zuccarello.
4:00 of 1st period - Shot Misses the Net.
4:50 of 1st period - Wrist shot by Mika Zibanejad.
4:50 of 1st period - Stopped by Petr Mrazek with a rebound.
4:52 of 1st period - Slapshot by MacKenzie Weegar.
4:52 of 1st period - Shot Misses the Net.
4:54 of 1st period - Wrist shot by Zachary Werenski.
4:54 of 1st period - Stopped by Petr Mrazek with a rebound.
4:57 of 1st period - Penalty to Charlie Coyle is over, Charlie Coyle is back on ice.
5:04 of 1st period - Snap shot by Carter Verhaeghe.
5:04 of 1st period - Stopped by Petr Mrazek with a rebound.
5:06 of 1st period - Slapshot by Mika Zibanejad.
5:06 of 1st period - Shot Misses the Net.
5:14 of 1st period - Slapshot by Mika Zibanejad.
5:14 of 1st period - Shot Misses the Net.
5:16 of 1st period - Slapshot by Zachary Werenski.
5:16 of 1st period - Shot Misses the Net.
5:18 of 1st period - Slapshot by MacKenzie Weegar.
5:18 of 1st period - Deflect By Matthew Boldy.
5:18 of 1st period - Stopped by Petr Mrazek without a rebound.
5:19 of 1st period - Erik Haula wins face-off versus Raphael Lavoie in Arizona Coyotes zone.
5:43 of 1st period - Raphael Lavoie is hit by Brayden McNabb and loses puck.
5:50 of 1st period - Backhand shot by Ondrej Palat.
5:50 of 1st period - Stopped by Calvin Pickard with a rebound.
5:52 of 1st period - Slapshot by Anthony Deangelo.
5:52 of 1st period - Stopped by Calvin Pickard with a rebound.
7:18 of 1st period - Kevin Shattenkirk is hit by Mason McTavish and loses puck.
8:07 of 1st period - Snap shot by Tyler Seguin.
8:07 of 1st period - Shot Misses the Net.
8:29 of 1st period - Matthew Boldy is hit by Ondrej Palat and loses puck.
8:38 of 1st period - Zach Bogosian is hit by Jakob Silfverberg and loses puck.
8:53 of 1st period - Wrist shot by Steven Stamkos.
8:53 of 1st period - Shot Misses the Net.
8:55 of 1st period - Snap shot by Shayne Gostisbehere.
8:55 of 1st period - Stopped by Petr Mrazek without a rebound.
8:56 of 1st period - Tyler Seguin wins face-off versus Kevin Stenlund in Arizona Coyotes zone.
9:03 of 1st period - Snap shot by Charlie Coyle.
9:03 of 1st period - Stopped by Calvin Pickard with a rebound.
9:11 of 1st period - Snap shot by Charlie Coyle.
9:11 of 1st period - Stopped by Calvin Pickard without a rebound.
9:12 of 1st period - Ross Colton wins face-off versus Mika Zibanejad in Detroit Red Wings zone.
9:15 of 1st period - Wrist shot by Ryan Donato.
9:15 of 1st period - Shot Blocked by MacKenzie Weegar.
9:39 of 1st period - Jared Spurgeon is hit by Patrick Kane and loses puck.
10:07 of 1st period - Erik Haula is hit by Jackson LaCombe and loses puck.
10:20 of 1st period - Slapshot by Zachary Werenski.
10:20 of 1st period - Shot Blocked by Mason McTavish.
11:05 of 1st period - Wrist shot by Steven Stamkos.
11:05 of 1st period - Shot Blocked by Radko Gudas.
11:07 of 1st period - Snap shot by Steven Stamkos.
11:07 of 1st period - Stopped by Petr Mrazek with a rebound.
12:18 of 1st period - Snap shot by Mason McTavish.
12:18 of 1st period - Goal by Mason McTavish - Detroit Red Wings : 0 - Arizona Coyotes : 2.
12:19 of 1st period - Charlie Coyle wins face-off versus Mika Zibanejad in neutral zone.
12:30 of 1st period - Wrist shot by Matthew Boldy.
12:30 of 1st period - Shot Misses the Net.
12:55 of 1st period - Wrist shot by Ryan Donato.
12:55 of 1st period - Stopped by Calvin Pickard without a rebound.
12:56 of 1st period - Charlie Coyle wins face-off versus Raphael Lavoie in Detroit Red Wings zone.
12:59 of 1st period - Snap shot by Mats Zuccarello.
12:59 of 1st period - Deflect By Charlie Coyle.
12:59 of 1st period - Stopped by Calvin Pickard with a rebound.
13:01 of 1st period - Wrist shot by Anthony Deangelo.
13:01 of 1st period - Deflect By Daniel Sprong.
13:01 of 1st period - Stopped by Calvin Pickard with a rebound.
13:05 of 1st period - Snap shot by Mats Zuccarello.
13:05 of 1st period - Stopped by Calvin Pickard without a rebound.
13:06 of 1st period - Christian Fischer wins face-off versus Charlie Coyle in Detroit Red Wings zone.
13:22 of 1st period - Slapshot by Charlie Coyle.
13:22 of 1st period - Shot Misses the Net.
13:48 of 1st period - Snap shot by Mats Zuccarello.
13:48 of 1st period - Shot Misses the Net.
13:50 of 1st period - Snap shot by Mats Zuccarello.
13:50 of 1st period - Shot Misses the Net.
13:52 of 1st period - Slapshot by Anthony Deangelo.
13:52 of 1st period - Stopped by Calvin Pickard with a rebound.
13:54 of 1st period - Snap shot by Mats Zuccarello.
13:54 of 1st period - Stopped by Calvin Pickard with a rebound.
13:56 of 1st period - Slapshot by Nick Seeler.
13:56 of 1st period - Stopped by Calvin Pickard with a rebound.
13:58 of 1st period - Slapshot by Nick Seeler.
13:58 of 1st period - Stopped by Calvin Pickard with a rebound.
14:14 of 1st period - Snap shot by Tyler Seguin.
14:14 of 1st period - Stopped by Calvin Pickard with a rebound.
14:16 of 1st period - Slapshot by Nick Seeler.
14:16 of 1st period - Shot Misses the Net.
14:26 of 1st period - Wrist shot by Charlie Coyle.
14:26 of 1st period - Stopped by Calvin Pickard without a rebound.
14:27 of 1st period - Mika Zibanejad wins face-off versus Ross Colton in Detroit Red Wings zone.
14:42 of 1st period - Wrist shot by Carter Verhaeghe.
14:42 of 1st period - Stopped by Petr Mrazek with a rebound.
14:44 of 1st period - Snap shot by Mika Zibanejad.
14:44 of 1st period - Shot Misses the Net.
14:54 of 1st period - Jared McCann is hit by Mason McTavish and loses puck.
15:12 of 1st period - Off-side.
15:13 of 1st period - Kevin Stenlund wins face-off versus Mark Jankowski in neutral zone.
15:24 of 1st period - Snap shot by Brendan Gallagher.
15:24 of 1st period - Stopped by Petr Mrazek without a rebound.
15:25 of 1st period - Ross Colton wins face-off versus Mika Zibanejad in Arizona Coyotes zone.
15:38 of 1st period - Snap shot by Matthew Boldy.
15:38 of 1st period - Shot Misses the Net.
15:40 of 1st period - Wrist shot by Carter Verhaeghe.
15:40 of 1st period - Deflect By Mika Zibanejad.
15:40 of 1st period - Shot Blocked by Ross Colton.
15:40 of 1st period - Puck is out of play.
15:41 of 1st period - Steven Stamkos wins face-off versus Tyler Seguin in Arizona Coyotes zone.
16:22 of 1st period - Mats Zuccarello is hit by Zach Bogosian and loses puck.
16:29 of 1st period - Christian Fischer is hit by Jani Hakanpaa and loses puck.
17:02 of 1st period - Snap shot by Tyler Seguin.
17:02 of 1st period - Stopped by Calvin Pickard with a rebound.
17:52 of 1st period - Shayne Gostisbehere is hit by Jani Hakanpaa and loses puck.
18:03 of 1st period - Jani Hakanpaa is hit by Christian Fischer and loses puck.
18:15 of 1st period - Icing by Mats Zuccarello.
18:16 of 1st period - Mats Zuccarello wins face-off versus Mika Zibanejad in Arizona Coyotes zone.
18:50 of 1st period - Slapshot by Charlie Coyle.
18:50 of 1st period - Stopped by Calvin Pickard with a rebound.
18:52 of 1st period - Snap shot by Tyler Seguin.
18:52 of 1st period - Shot Blocked by Keegan Kolesar.
19:20 of 1st period - Slapshot by Zachary Werenski.
19:20 of 1st period - Shot Blocked by Mats Zuccarello.
19:32 of 1st period - Slapshot by Charlie Coyle.
19:32 of 1st period - Stopped by Calvin Pickard without a rebound.
19:33 of 1st period - Mason McTavish wins face-off versus Mika Zibanejad in Detroit Red Wings zone.
19:40 of 1st period - Snap shot by Brandon Tanev.
19:40 of 1st period - Shot Misses the Net.
19:44 of 1st period - Snap shot by Erik Haula.
19:44 of 1st period - Shot Misses the Net.
19:46 of 1st period - Slapshot by Brandon Tanev.
19:46 of 1st period - Stopped by Calvin Pickard without a rebound.
19:46 of 1st period - Brayden McNabb and Mika Zibanejad fight to a draw.
19:46 of 1st period - Penalty to Brayden McNabb for Fighting.
19:46 of 1st period - Penalty to Mika Zibanejad for Fighting.
19:46 of 1st period - Penalty to Mika Zibanejad for instigated a fight.
19:46 of 1st period - Penalty to Mika Zibanejad for instigated a fight.
19:47 of 1st period - Steven Stamkos wins face-off versus Mason McTavish in Detroit Red Wings zone.
Goals for this period are 0 for Detroit Red Wings vs 2 for Arizona Coyotes.
Shots for this period are 11 for Detroit Red Wings vs 20 for Arizona Coyotes.
2nd period
0:01 of 2nd period - Steven Stamkos wins face-off versus Charlie Coyle in neutral zone.
0:06 of 2nd period - Snap shot by Jared McCann.
0:06 of 2nd period - Shot Blocked by Jani Hakanpaa.
1:46 of 2nd period - Penalty to Mika Zibanejad is over, Brendan Gallagher is send on ice.
2:05 of 2nd period - Snap shot by Matthew Boldy.
2:05 of 2nd period - Shot Misses the Net.
2:07 of 2nd period - Wrist shot by Matthew Boldy.
2:07 of 2nd period - Goal by Matthew Boldy - Detroit Red Wings : 1 - Arizona Coyotes : 2.
2:08 of 2nd period - Mason McTavish wins face-off versus Carter Verhaeghe in neutral zone.
2:15 of 2nd period - Wrist shot by Erik Haula.
2:15 of 2nd period - Shot Misses the Net.
2:17 of 2nd period - Wrist shot by Brandon Tanev.
2:17 of 2nd period - Deflect By Mason McTavish.
2:17 of 2nd period - Stopped by Calvin Pickard without a rebound.
2:18 of 2nd period - Kevin Stenlund wins face-off versus Mason McTavish in Detroit Red Wings zone.
2:27 of 2nd period - Wrist shot by Mason McTavish.
2:27 of 2nd period - Shot Misses the Net.
2:29 of 2nd period - Snap shot by Brandon Tanev.
2:29 of 2nd period - Deflect By Erik Haula.
2:29 of 2nd period - Shot Blocked by MacKenzie Weegar.
2:29 of 2nd period - Puck is out of play.
2:30 of 2nd period - Kevin Stenlund wins face-off versus Mason McTavish in Detroit Red Wings zone.
3:44 of 2nd period - Wrist shot by Matthew Boldy.
3:44 of 2nd period - Deflect By Carter Verhaeghe.
3:44 of 2nd period - Shot Blocked by Jani Hakanpaa.
3:44 of 2nd period - Puck is out of play.
3:45 of 2nd period - Kevin Stenlund wins face-off versus Erik Haula in Arizona Coyotes zone.
4:10 of 2nd period - Jared Spurgeon is hit by Kevin Shattenkirk and loses puck.
4:23 of 2nd period - Snap shot by Mason McTavish.
4:23 of 2nd period - Shot Blocked by Raphael Lavoie.
4:23 of 2nd period - Raphael Lavoie from Detroit Red Wings is injured at 4:23 of 2nd period (Bruised Right Arm).
4:24 of 2nd period - Matthew Boldy wins face-off versus Zach Parise in Detroit Red Wings zone.
4:57 of 2nd period - Slapshot by Erik Haula.
4:57 of 2nd period - Shot Misses the Net.
4:59 of 2nd period - Slapshot by Nick Seeler.
4:59 of 2nd period - Stopped by Calvin Pickard with a rebound.
5:01 of 2nd period - Slapshot by Brandon Tanev.
5:01 of 2nd period - Deflect By Patrick Kane.
5:01 of 2nd period - Shot Blocked by MacKenzie Weegar.
5:01 of 2nd period - Puck is out of play.
5:02 of 2nd period - Steven Stamkos wins face-off versus Mason McTavish in Detroit Red Wings zone.
5:02 of 2nd period - Steven Stamkos is hit by Mason McTavish.
5:27 of 2nd period - Kevin Shattenkirk is hit by Jared Spurgeon and loses puck.
6:32 of 2nd period - Slapshot by Steven Stamkos.
6:32 of 2nd period - Shot Misses the Net.
6:58 of 2nd period - Slapshot by Brendan Gallagher.
6:58 of 2nd period - Stopped by Petr Mrazek without a rebound.
6:59 of 2nd period - Kevin Stenlund wins face-off versus Mason McTavish in Arizona Coyotes zone.
7:24 of 2nd period - Brendan Gallagher is hit by Radko Gudas and loses puck.
7:35 of 2nd period - Slapshot by Zachary Werenski.
7:35 of 2nd period - Shot Misses the Net.
8:17 of 2nd period - Icing by Patrick Kane.
8:18 of 2nd period - Mason McTavish wins face-off versus Steven Stamkos in Detroit Red Wings zone.
8:37 of 2nd period - Snap shot by Patrick Kane.
8:37 of 2nd period - Stopped by Petr Mrazek without a rebound.
8:38 of 2nd period - Ross Colton wins face-off versus Kevin Stenlund in Arizona Coyotes zone.
8:40 of 2nd period - Minor Penalty to Anthony Deangelo for Cross-checking.
8:41 of 2nd period - Charlie Coyle wins face-off versus Steven Stamkos in Arizona Coyotes zone.
8:53 of 2nd period - Snap shot by Tyler Seguin.
8:53 of 2nd period - Stopped by Calvin Pickard with a rebound.
8:55 of 2nd period - Wrist shot by Mason McTavish.
8:55 of 2nd period - Shot Misses the Net.
9:09 of 2nd period - Snap shot by Carter Verhaeghe.
9:09 of 2nd period - Stopped by Petr Mrazek with a rebound.
10:40 of 2nd period - Penalty to Anthony Deangelo is over, Anthony Deangelo is back on ice.
12:07 of 2nd period - Matthew Boldy is hit by Ondrej Palat and loses puck.
12:16 of 2nd period - Ondrej Palat is hit by Matthew Boldy and loses puck.
12:54 of 2nd period - Wrist shot by Ondrej Palat.
12:54 of 2nd period - Stopped by Calvin Pickard without a rebound.
12:55 of 2nd period - Mason McTavish wins face-off versus Kevin Stenlund in Detroit Red Wings zone.
12:58 of 2nd period - Slapshot by Brandon Tanev.
12:58 of 2nd period - Stopped by Calvin Pickard without a rebound.
12:59 of 2nd period - Mason McTavish wins face-off versus Kevin Stenlund in Detroit Red Wings zone.
13:14 of 2nd period - Wrist shot by Mason McTavish.
13:14 of 2nd period - Shot Blocked by MacKenzie Weegar.
13:26 of 2nd period - Wrist shot by Zach Parise.
13:26 of 2nd period - Stopped by Calvin Pickard with a rebound.
14:04 of 2nd period - Snap shot by Erik Haula.
14:04 of 2nd period - Stopped by Calvin Pickard with a rebound.
14:46 of 2nd period - 10 Minutes Misconduct Penalty to Mika Zibanejad is over.
15:27 of 2nd period - MacKenzie Weegar is hit by Radko Gudas and loses puck.
16:34 of 2nd period - Slapshot by Patrick Kane.
16:34 of 2nd period - Stopped by Petr Mrazek with a rebound.
16:54 of 2nd period - Snap shot by Jared Spurgeon.
16:54 of 2nd period - Shot Blocked by Zach Bogosian.
17:04 of 2nd period - Mark Jankowski is hit by Matthew Boldy and loses puck.
18:48 of 2nd period - Brayden McNabb is hit by Zach Bogosian and loses puck.
19:31 of 2nd period - Slapshot by Jared Spurgeon.
19:31 of 2nd period - Stopped by Calvin Pickard without a rebound.
19:32 of 2nd period - Mason McTavish wins face-off versus Steven Stamkos in Detroit Red Wings zone.
19:47 of 2nd period - Slapshot by Mason McTavish.
19:47 of 2nd period - Stopped by Calvin Pickard without a rebound.
19:48 of 2nd period - Kevin Stenlund wins face-off versus Charlie Coyle in Detroit Red Wings zone.
19:48 of 2nd period - Kevin Stenlund is hit by Tyler Seguin.
19:59 of 2nd period - Minor Penalty to Charlie Coyle for Cross-checking.
Goals for this period are 1 for Detroit Red Wings vs 0 for Arizona Coyotes.
Shots for this period are 5 for Detroit Red Wings vs 9 for Arizona Coyotes.
Goals for this period are 1 for Detroit Red Wings vs 0 for Arizona Coyotes.
Shots for this period are 5 for Detroit Red Wings vs 9 for Arizona Coyotes.
3rd period
0:01 of 3rd period - Jared McCann wins face-off versus Zach Parise in neutral zone.
0:26 of 3rd period - Wrist shot by Mika Zibanejad.
0:26 of 3rd period - Stopped by Petr Mrazek with a rebound.
1:06 of 3rd period - Zachary Werenski is hit by Radko Gudas.
1:59 of 3rd period - Penalty to Charlie Coyle is over, Charlie Coyle is back on ice.
2:03 of 3rd period - Brandon Tanev is hit by Patrick Kane and loses puck.
2:41 of 3rd period - Nick Seeler is hit by Kevin Stenlund and loses puck.
3:41 of 3rd period - Brendan Gallagher is hit by Ross Colton and loses puck.
3:50 of 3rd period - Minor Penalty to Ryan Donato for Goalie Interference.
3:51 of 3rd period - Steven Stamkos wins face-off versus Tyler Seguin in Arizona Coyotes zone.
3:58 of 3rd period - Snap shot by Patrick Kane.
3:58 of 3rd period - Goal by Patrick Kane - Detroit Red Wings : 2 - Arizona Coyotes : 2.
3:59 of 3rd period - Mika Zibanejad wins face-off versus Charlie Coyle in neutral zone.
4:32 of 3rd period - Snap shot by Daniel Sprong.
4:32 of 3rd period - Stopped by Petr Mrazek with a rebound.
4:34 of 3rd period - Slapshot by Zach Bogosian.
4:34 of 3rd period - Stopped by Petr Mrazek without a rebound.
4:35 of 3rd period - Steven Stamkos wins face-off versus Mason McTavish in Arizona Coyotes zone.
4:40 of 3rd period - Slapshot by Patrick Kane.
4:40 of 3rd period - Shot Blocked by Erik Haula.
4:42 of 3rd period - Minor Penalty to Radko Gudas for Tripping.
4:43 of 3rd period - Tyler Seguin wins face-off versus Steven Stamkos in Arizona Coyotes zone.
6:42 of 3rd period - Penalty to Radko Gudas is over, Radko Gudas is back on ice.
6:53 of 3rd period - Jakob Silfverberg is hit by Zachary Werenski and loses puck.
7:00 of 3rd period - Daniel Sprong is hit by Mark Jankowski.
7:12 of 3rd period - Zach Bogosian is hit by Anthony Deangelo.
7:16 of 3rd period - Keegan Kolesar is hit by Nick Seeler and loses puck.
7:26 of 3rd period - Icing by Anthony Deangelo.
7:27 of 3rd period - Mason McTavish wins face-off versus Mika Zibanejad in Arizona Coyotes zone.
7:56 of 3rd period - Snap shot by Patrick Kane.
7:56 of 3rd period - Stopped by Petr Mrazek without a rebound.
7:57 of 3rd period - Steven Stamkos wins face-off versus Charlie Coyle in Arizona Coyotes zone.
8:01 of 3rd period - Minor Penalty to Zach Bogosian for Cross-checking.
8:02 of 3rd period - Kevin Stenlund wins face-off versus Charlie Coyle in Detroit Red Wings zone.
8:11 of 3rd period - Zachary Werenski is hit by Mats Zuccarello and loses puck.
8:28 of 3rd period - Erik Haula is hit by Keegan Kolesar and loses puck.
8:37 of 3rd period - Snap shot by Brandon Tanev.
8:37 of 3rd period - Shot Blocked by Kevin Shattenkirk.
9:31 of 3rd period - Brandon Tanev is hit by Jackson LaCombe and loses puck.
10:01 of 3rd period - Penalty to Zach Bogosian is over, Zach Bogosian is back on ice.
10:20 of 3rd period - Snap shot by Mika Zibanejad.
10:20 of 3rd period - Shot Misses the Net.
11:27 of 3rd period - Icing by Jackson LaCombe.
11:28 of 3rd period - Ross Colton wins face-off versus Christian Fischer in Detroit Red Wings zone.
12:03 of 3rd period - Wrist shot by Mason McTavish.
12:03 of 3rd period - Shot Hit the Post.
12:05 of 3rd period - Snap shot by Brandon Tanev.
12:05 of 3rd period - Stopped by Calvin Pickard with a rebound.
12:07 of 3rd period - Slapshot by Jani Hakanpaa.
12:07 of 3rd period - Stopped by Calvin Pickard with a rebound.
12:09 of 3rd period - Slapshot by Mason McTavish.
12:09 of 3rd period - Stopped by Calvin Pickard with a rebound.
12:38 of 3rd period - Wrist shot by Ryan Donato.
12:38 of 3rd period - Shot Misses the Net.
12:40 of 3rd period - Slapshot by Radko Gudas.
12:40 of 3rd period - Stopped by Calvin Pickard without a rebound.
12:41 of 3rd period - Kevin Stenlund wins face-off versus Ross Colton in Detroit Red Wings zone.
12:41 of 3rd period - Kevin Stenlund is hit by Ryan Donato.
12:47 of 3rd period - Snap shot by Christian Fischer.
12:47 of 3rd period - Shot Blocked by Anthony Deangelo.
12:51 of 3rd period - Snap shot by Daniel Sprong.
12:51 of 3rd period - Shot Misses the Net.
13:01 of 3rd period - Charlie Coyle is hit by Carter Verhaeghe and loses puck.
13:26 of 3rd period - Nick Seeler is hit by Zach Bogosian and loses puck.
13:39 of 3rd period - Slapshot by Zachary Werenski.
13:39 of 3rd period - Shot Misses the Net.
13:41 of 3rd period - Slapshot by MacKenzie Weegar.
13:41 of 3rd period - Stopped by Petr Mrazek without a rebound.
13:42 of 3rd period - Kevin Stenlund wins face-off versus Ross Colton in Arizona Coyotes zone.
14:04 of 3rd period - Slapshot by Brendan Gallagher.
14:04 of 3rd period - Shot Blocked by Jared Spurgeon.
14:16 of 3rd period - Slapshot by Ross Colton.
14:16 of 3rd period - Shot Misses the Net.
14:18 of 3rd period - Slapshot by Jared Spurgeon.
14:18 of 3rd period - Stopped by Calvin Pickard without a rebound.
14:19 of 3rd period - Charlie Coyle wins face-off versus Mika Zibanejad in Detroit Red Wings zone.
14:22 of 3rd period - Slapshot by Mats Zuccarello.
14:22 of 3rd period - Shot Blocked by Mika Zibanejad.
14:30 of 3rd period - Radko Gudas is hit by Matthew Boldy and loses puck.
14:56 of 3rd period - Snap shot by Mats Zuccarello.
14:56 of 3rd period - Deflect By Tyler Seguin.
14:56 of 3rd period - Stopped by Calvin Pickard with a rebound.
15:04 of 3rd period - Snap shot by Mats Zuccarello.
15:04 of 3rd period - Stopped by Calvin Pickard without a rebound.
15:05 of 3rd period - Steven Stamkos wins face-off versus Ross Colton in Detroit Red Wings zone.
15:16 of 3rd period - Snap shot by Steven Stamkos.
15:16 of 3rd period - Deflect By Patrick Kane.
15:16 of 3rd period - Shot Blocked by Jani Hakanpaa.
15:16 of 3rd period - Puck is out of play.
15:17 of 3rd period - Kevin Stenlund wins face-off versus Ross Colton in Arizona Coyotes zone.
16:42 of 3rd period - Christian Fischer is hit by Ross Colton and loses puck.
16:49 of 3rd period - Wrist shot by Ryan Donato.
16:49 of 3rd period - Stopped by Calvin Pickard with a rebound.
17:43 of 3rd period - Steven Stamkos is hit by Mason McTavish and loses puck.
18:02 of 3rd period - Ross Colton is hit by Carter Verhaeghe and loses puck.
18:30 of 3rd period - Icing by Kevin Shattenkirk.
18:31 of 3rd period - Tyler Seguin wins face-off versus Mika Zibanejad in Detroit Red Wings zone.
18:39 of 3rd period - Minor Penalty to Radko Gudas for Tripping.
18:40 of 3rd period - Tyler Seguin wins face-off versus Patrick Kane in Arizona Coyotes zone.
19:11 of 3rd period - Slapshot by Tyler Seguin.
19:11 of 3rd period - Shot Blocked by Shayne Gostisbehere.
19:42 of 3rd period - Icing by Carter Verhaeghe.
19:43 of 3rd period - Steven Stamkos wins face-off versus Charlie Coyle in Detroit Red Wings zone.
19:52 of 3rd period - Wrist shot by Jared McCann.
19:52 of 3rd period - Deflect By Patrick Kane.
19:52 of 3rd period - Shot Blocked by Anthony Deangelo.
19:52 of 3rd period - Puck is out of play.
19:53 of 3rd period - Mika Zibanejad wins face-off versus Tyler Seguin in Arizona Coyotes zone.
19:54 of 3rd period - Slapshot by Matthew Boldy.
19:54 of 3rd period - Shot Misses the Net.
19:56 of 3rd period - Snap shot by Mika Zibanejad.
19:56 of 3rd period - Stopped by Petr Mrazek without a rebound.
19:57 of 3rd period - Tyler Seguin wins face-off versus Mika Zibanejad in Arizona Coyotes zone.
Goals for this period are 1 for Detroit Red Wings vs 0 for Arizona Coyotes.
Shots for this period are 7 for Detroit Red Wings vs 8 for Arizona Coyotes.
Overtime #1
0:01 of 1st overtime period - Charlie Coyle wins face-off versus Mika Zibanejad in neutral zone.
0:16 of 1st overtime period - Slapshot by Mika Zibanejad.
0:16 of 1st overtime period - Stopped by Petr Mrazek without a rebound.
0:17 of 1st overtime period - Mika Zibanejad wins face-off versus Mark Jankowski in Arizona Coyotes zone.
0:24 of 1st overtime period - Wrist shot by Carter Verhaeghe.
0:24 of 1st overtime period - Shot Misses the Net.
0:28 of 1st overtime period - Snap shot by Carter Verhaeghe.
0:28 of 1st overtime period - Shot Blocked by Anthony Deangelo.
0:30 of 1st overtime period - Snap shot by Carter Verhaeghe.
0:30 of 1st overtime period - Shot Misses the Net.
0:39 of 1st overtime period - Penalty to Radko Gudas is over, Radko Gudas is back on ice.
0:50 of 1st overtime period - Slapshot by Anthony Deangelo.
0:50 of 1st overtime period - Stopped by Calvin Pickard without a rebound.
0:51 of 1st overtime period - Mika Zibanejad wins face-off versus Tyler Seguin in Detroit Red Wings zone.
1:08 of 1st overtime period - Wrist shot by Mats Zuccarello.
1:08 of 1st overtime period - Stopped by Calvin Pickard with a rebound.
1:10 of 1st overtime period - Wrist shot by Mats Zuccarello.
1:10 of 1st overtime period - Shot Misses the Net.
1:12 of 1st overtime period - Snap shot by Charlie Coyle.
1:12 of 1st overtime period - Stopped by Calvin Pickard without a rebound.
1:13 of 1st overtime period - Charlie Coyle wins face-off versus Kevin Stenlund in Detroit Red Wings zone.
1:30 of 1st overtime period - Snap shot by Mats Zuccarello.
1:30 of 1st overtime period - Deflect By Charlie Coyle.
1:30 of 1st overtime period - Stopped by Calvin Pickard with a rebound.
1:59 of 1st overtime period - Snap shot by MacKenzie Weegar.
1:59 of 1st overtime period - Shot Blocked by Radko Gudas.
2:01 of 1st overtime period - Snap shot by Zachary Werenski.
2:01 of 1st overtime period - Shot Blocked by Radko Gudas.
2:11 of 1st overtime period - Slapshot by Carter Verhaeghe.
2:11 of 1st overtime period - Shot Misses the Net.
2:13 of 1st overtime period - Slapshot by MacKenzie Weegar.
2:13 of 1st overtime period - Shot Misses the Net.
2:15 of 1st overtime period - Slapshot by Zachary Werenski.
2:15 of 1st overtime period - Deflect By Kevin Stenlund.
2:15 of 1st overtime period - Shot Blocked by Mats Zuccarello.
2:15 of 1st overtime period - Puck is out of play.
2:16 of 1st overtime period - Tyler Seguin wins face-off versus Steven Stamkos in Arizona Coyotes zone.
4:16 of 1st overtime period - Icing by Charlie Coyle.
4:17 of 1st overtime period - Charlie Coyle wins face-off versus Jared McCann in Arizona Coyotes zone.
4:47 of 1st overtime period - Brayden McNabb is hit by Matthew Boldy and loses puck.
Goals for this period are 0 for Detroit Red Wings vs 0 for Arizona Coyotes.
Shots for this period are 1 for Detroit Red Wings vs 4 for Arizona Coyotes.
ShootOut
5:00 of 1st overtime period - Round #1.
5:00 of 1st overtime period - Detroit Red Wings, Mika Zibanejad.
5:00 of 1st overtime period - Deke by Mika Zibanejad.
5:00 of 1st overtime period - Shot Misses the Net.
5:00 of 1st overtime period - Arizona Coyotes, Charlie Coyle.
5:00 of 1st overtime period - Deke by Charlie Coyle.
5:00 of 1st overtime period - Stopped by Calvin Pickard.
5:00 of 1st overtime period - Round #2.
5:00 of 1st overtime period - Detroit Red Wings, Steven Stamkos.
5:00 of 1st overtime period - Snap shot by Steven Stamkos.
5:00 of 1st overtime period - Stopped by Petr Mrazek.
5:00 of 1st overtime period - Arizona Coyotes, Mats Zuccarello.
5:00 of 1st overtime period - Wrist shot by Mats Zuccarello.
5:00 of 1st overtime period - Goal by Mats Zuccarello.
5:00 of 1st overtime period - Round #3.
5:00 of 1st overtime period - Detroit Red Wings, Matthew Boldy.
5:00 of 1st overtime period - Snap shot by Matthew Boldy.
5:00 of 1st overtime period - Goal by Matthew Boldy.
5:00 of 1st overtime period - Arizona Coyotes, Tyler Seguin.
5:00 of 1st overtime period - Deke by Tyler Seguin.
5:00 of 1st overtime period - Goal by Tyler Seguin.
Back to the Top